 Seeded DCSS version 0.29.1 (webtiles) character file.

Game seed: 7398478755600371734 (custom seed)

856 groovy9 the Cleaver (level 8, 64/64 HPs)
             Began as a Hill Orc Fighter on Sept 14, 2022.
             Quit the game on level 6 of the Dungeon.
             The game lasted 00:13:03 (4864 turns).

groovy9 the Cleaver (Hill Orc Fighter)              Turns: 4864, Time: 00:13:03

Health: 64/64      AC: 19    Str: 23    XL:     8   Next: 2%
Magic:  8/8        EV:  3    Int:  8    God:
Gold:   258        SH:  5    Dex: 16    Spells: 7/7 levels left

rFire   . . .      SeeInvis .   a - +0 war axe
rCold   . . .      Faith    .   c - +0 buckler
rNeg    . . .      Spirit   .   t - +0 crystal plate armour
rPois   .          Reflect  .   y - +0 helmet "Relecram" {Str+2}
rElec   .          Harm     .   g - +0 cloak
rCorr   +          Rampage  .   (no gloves)
Will    .....                   w - +0 pair of boots
Stlth   ..........              v - amulet of regeneration
HPRegen 1.00/turn               e - ring of resist corrosion
MPRegen 0.11/turn               i - +6 ring of dexterity

@: no status effects
A: no striking features
a: no special abilities


You were on level 6 of the Dungeon.
You visited 1 branch of the dungeon, and saw 6 of its levels.
You also visited: Sewer.

You collected 258 gold pieces.

Inventory:

Hand Weapons
 a - a +0 war axe (weapon)
 m - a +2 flail of holy wrath
Missiles
 d - 11 boomerangs
 h - a throwing net (quivered)
Armour
 c - a +0 buckler (worn)
 g - a +0 cloak (worn)
 t - a +0 crystal plate armour (worn)
 w - a +0 pair of boots (worn)
 y - the +0 helmet "Relecram" (worn) {Str+2}
   (You found it on level 5 of the Dungeon)

   Str:       It affects your strength (+2).
Jewellery
 e - a ring of resist corrosion (left hand)
 i - a +6 ring of dexterity (right hand)
 p - an amulet of reflection
 v - an amulet of regeneration (around neck)
Wands
 s - a wand of flame (32)
 x - a wand of iceblast (10)
Scrolls
 k - a scroll of enchant armour
 l - 2 scrolls of teleportation
 r - 2 scrolls of poison
Potions
 b - 7 potions of curing
 f - a potion of flight
 j - 4 potions of degeneration
 n - a potion of haste
 o - a potion of lignification
 q - a potion of cancellation
 u - a potion of attraction {unknown}
 z - a potion of resistance {unknown}
 B - a potion of berserk rage {unknown}
 D - a potion of mutation {unknown}


   Skills:
 - Level 3.6 Fighting
 + Level 11.6 Axes
 - Level 3.2 Armour
 - Level 3.2 Shields


You had 7 spell levels left.
You didn't know any spells.
Your spell library contained the following spells:

 Spells                   Type           Power      Damage    Failure   Level
 Apportation              Tloc           0%         N/A       100%        1
 Necrotise                Necr           0%         1d4       100%        1
 Summon Small Mammal      Summ           0%         N/A       100%        1
 Gell's Gravitas          Tloc           0%         N/A       100%        3
 Lesser Beckoning         Tloc           0%         N/A       100%        3
 Stone Arrow              Conj/Erth      0%         3d7       100%        3
 Teleport Other           Tloc           0%         N/A       100%        3
 Animate Armour           Summ/Erth      0%         N/A       100%        4
 Lehudib's Crystal Spear  Conj/Erth      0%         10d2      100%        8


Dungeon Overview and Level Annotations

Branches:
Dungeon (6/15)             Temple (0/1) D:6           Sewer (visited)

Altars:
Xom


Message History

You enter the shallow water.
Moving in this stuff is going to be slow.
There is a gate leading back out of this place here.
Welcome back to the Dungeon!
There is a collapsed entrance here.
You enter the shallow water.
Moving in this stuff is going to be slow.
You enter the shallow water.
Moving in this stuff is going to be slow.
You enter the shallow water.
Moving in this stuff is going to be slow.
You enter the shallow water.
Moving in this stuff is going to be slow.
You see here a giant cockroach corpse.
You see here a quokka corpse.
You enter the shallow water.
Moving in this stuff is going to be slow.
You enter the shallow water.
Moving in this stuff is going to be slow.
You see here a rat corpse.
You enter the shallow water.
Moving in this stuff is going to be slow.
You enter the shallow water.
Moving in this stuff is going to be slow.
You see here a river rat skeleton.
There is a stone staircase leading down here.
Done exploring.
Search for what [Enter for "."]? .
There is a stone staircase leading down here.
You climb downwards.
There is a stone staircase leading up here.
As you read the scroll of identify, it crumbles to dust.
n - a potion of haste
As you read the scroll of identify, it crumbles to dust.
o - a potion of lignification
As you read the scroll of identify, it crumbles to dust.
q - a potion of cancellation
As you read the scroll labelled RUPSIRPH XYPRIOWULO, it crumbles to dust.
You feel aware of your surroundings.
It was a scroll of magic mapping.
Are you sure you want to abandon this character and quit the game? (Confirm with "yes".)

*******,**,,********
*,**,,* *,**,,* *,,,,,*
****,*##* *,*#.#* ***
*,*,#.#* ,,* *,,**#.## *,*
**,****#@#***** *,*
*,,*#.........#****
*,********,*#.##.###....,,*
,,,,,,,,,,<..,*.## *,,##*,*
**** ,,******,...,*,#* *,,*
*,* *,,, *** **..,*,**
*,,***,* *,,, * *#,****
*,,,,*,****,,, * *,*
*,,,,,,**,,,,, * *,*
****,****,,,,,


There were no monsters in sight!

Vanquished Creatures
  Menkaure (D:4)
  A black bear (D:5)
  2 ogres (D:5)
  A phantom (D:3)
  A bullfrog (D:5)
  A howler monkey (D:5)
  2 orc wizards
  A hell rat (Sewer)
  4 adders
  6 gnolls
  5 river rats
  4 worms
  2 dart slugs
  10 orcs
  2 bats (D:1)
  4 endoplasms
  5 giant cockroaches
  5 goblins
  7 hobgoblins
  4 kobolds
  4 quokkas
  6 ball pythons
  4 frilled lizards
  7 rats
89 creatures vanquished.

Vanquished Creatures (others)
  10 fungi (D:3)
  A plant (D:1)
11 creatures vanquished.

Grand Total: 100 creatures vanquished

Notes
Turn   | Place    | Note
-------+----------+-------------------------------------------
     0 | D:1      | groovy9 the Hill Orc Fighter began the quest for the Orb.
     0 | D:1      | Reached XP level 1. HP: 19/19 MP: 1/1
    82 | D:1      | Reached skill level 3 in Axes
    89 | D:1      | Found a faded altar of an unknown god.
   141 | D:1      | Reached XP level 2. HP: 26/26 MP: 2/2
   516 | D:1      | Reached skill level 4 in Axes
   839 | D:2      | Reached XP level 3. HP: 29/31 MP: 3/3
   952 | D:2      | Found a shimmering altar of Xom.
  1274 | D:3      | Reached skill level 5 in Axes
  1503 | D:3      | Reached XP level 4. HP: 39/39 MP: 4/4
  1561 | D:3      | Noticed a phantom
  1575 | D:3      | Killed a phantom
  1576 | D:3      | Reached skill level 6 in Axes
  1576 | D:3      | Reached XP level 5. HP: 32/45 MP: 5/5
  1914 | D:3      | Reached skill level 7 in Axes
  3065 | D:4      | Reached skill level 8 in Axes
  3069 | D:4      | Reached XP level 6. HP: 30/51 MP: 6/6
  3368 | D:4      | Noticed Menkaure
  3380 | D:4      | Killed Menkaure
  3381 | D:4      | Reached skill level 9 in Axes
  3961 | D:5      | Entered Level 5 of the Dungeon
  4018 | D:5      | Reached XP level 7. HP: 37/57 MP: 7/7
  4073 | D:5      | Reached skill level 10 in Axes
  4340 | D:5      | Reached skill level 11 in Axes
  4378 | D:5      | Identified the +0 helmet "Relecram" {Str+2}
  4676 | D:5      | Found a glowing drain.
  4680 | Sewer    | Entered a sewer
  4720 | Sewer    | Reached XP level 8. HP: 63/64 MP: 8/8
  4864 | D:6      | Quit the game

Illustrated notes

Levels and vault maps discovered:
D:1:      mrwooster_arrival_statue_3, layout_basic,
          dreamdust_ecumenical_altar_grove
D:2:      layout_rooms, basic_altar
D:3:      layout_basic, dreamdust_mushroom_princess
D:4:      layout_gridville, kennysheep_small_square, uniq_menkaure
D:5:      layout_cave_pools, gup_sewer_entry_spiral
D:6:      layout_loops_corners, minmay_temple_entry_statues_pillars,
          uniq_eustachio

Skill      XL: |  1  2  3  4  5  6  7 |
---------------+----------------------+-----
Axes           | 3 4 5 6 8 9 11 | 11.6
Fighting       | |  3.6
Armour         | |  3.2
Shields        | |  3.2

Action                   |  1- 3 |  4- 6 |  7- 9 || total
-------------------------+-------+-------+-------++-------
Melee: War axe           |    66 |   115 |   121 ||   302
  Use: Scroll            |     5 |     3 |     4 ||    12
       Potion            |       |     1 |       ||     1
Armor: Scale mail        |     5 |       |       ||     5
       Chain mail        |    28 |    23 |       ||    51
       Crystal plate arm |       |    48 |    88 ||   136
Dodge: Dodged            |    25 |    24 |    10 ||    59
Block: Buckler           |    12 |    20 |    20 ||    52
